Map: New Repugnancy LE

Players

Solar - Winner!

  • Race: Zerg Zerg
  • Spawn Location: 1:00

TYTY (TY)

  • Race: Terran Terran
  • Spawn Location: 7:00

Event: IEM Season 13: Katowice (2019)

VOD

https://www.youtube.com/watch?v=jA6gWTMunew&list=PLhCH_nPE4JTpm5HGlNkIqJtnbUnBSfl4F&index=10

Description

Time

  • Played on: March 2, 2019, 8:32 a.m.
  • Length: 21:24

All games in this series

Show
View Real Time Build Order
Export as new Build Order

Solar Zerg - Winner!

Build Orders: Hatch First, Swarm Host 

Get SALT Encoding   

  12  0:01  Drone  
  13  0:12  Overlord  
  13  0:17  Drone  
  14  0:31  Drone x2  
  16  0:49  Hatchery  
  15  0:51  Drone  
  15  0:55  Drone  
  17  0:58  Drone  
  18  1:09  Extractor  
  17  1:14  Spawning Pool  
  17  1:17  Drone  
  17  1:20  Drone  
  18  1:28  Drone  
  19  1:38  Drone  
  20  1:50  Overlord  
  20  2:01  Queen x2, Zergling x2  
  20  2:02  Zergling x2  
  26  2:12  Drone x2  
  28  2:21  Extractor  
  27  2:23  Drone x2  
  27  2:29  Metabolic Boost  
  29  2:36  Queen  
  31  2:44  Hatchery  
  31  2:46  Drone  
  31  2:51  Overlord  
  31  2:53  Drone  
  31  2:55  Drone  
  31  2:58  Drone  
  34  3:01  Drone  
  34  3:06  Drone x2  
  34  3:11  Drone  
  34  3:12  Drone x2  
  39  3:16  Drone  
  40  3:20  Queen  
  40  3:24  Overlord  
  42  3:27  Drone  
  42  3:28  Drone  
  44  3:42  Overlord  
  44  3:43  Drone x2  
  44  3:44  Zergling x6  
  44  3:45  Drone x3  
  52  3:50  Overlord  
  52  3:56  Queen  
  52  3:58  Drone  
  52  3:59  Queen  
  52  4:02  Zergling x2  
  58  4:04  Overlord  
  58  4:06  Drone  
  58  4:09  Zergling x2  
  60  4:10  Drone  
  60  4:13  Overlord  
  61  4:17  Lair  
  61  4:19  Drone x2  
  61  4:23  Baneling Nest  
  62  4:24  Drone  
  62  4:26  Drone  
  62  4:27  Drone  
  62  4:28  Drone  
  62  4:29  Drone  
  67  4:32  Spore Crawler  
  67  4:36  Spore Crawler  
  67  4:38  Zergling x4  
  67  4:41  Overlord  
  67  4:42  Spore Crawler  
  65  4:46  Queen  
  65  4:50  Zergling x2  
  65  4:51  Zergling x4  
  68  4:55  Zergling x2  
  68  4:56  Zergling x2  
  67  5:00  Queen  
  67  5:03  Drone, Extractor x2  
  67  5:04  Drone  
  67  5:05  Drone x2  
  71  5:07  Drone  
  71  5:12  Drone  
  73  5:16  Overseer  
  73  5:19  Drone x4  
  73  5:20  Baneling x3  
  73  5:21  Baneling  
  76  5:25  Overlord  
  76  5:28  Drone x3  
  79  5:30  Drone  
  79  5:31  Drone  
  79  5:34  Overseer  
  79  5:35  Drone  
  82  5:36  Drone x2  
  82  5:38  Drone  
  82  5:40  Drone  
  82  5:41  Drone  
  86  5:43  Drone  
  86  5:45  Drone x2  
  88  5:50  Drone  
  88  5:52  Drone x2  
  88  5:56  Zergling x6  
  91  6:04  Extractor  
  91  6:05  Drone x3, Extractor  
  91  6:06  Evolution Chamber  
  91  6:07  Roach Warren  
  91  6:09  Evolution Chamber  
  86  6:11  Drone  
  86  6:12  Drone  
  86  6:14  Overlord  
  88  6:22  Drone x2  
  90  6:26  Infestation Pit  
  90  6:29  Extractor  
  89  6:32  Drone  
  89  6:33  Drone x2  
  89  6:34  Drone x3  
  89  6:35  Zerg Missile Weapons Level 1, Zerg Ground Armor Level 1  
  89  6:37  Drone  
  95  6:40  Overlord  
  95  6:43  Overlord  
  95  6:46  Overlord  
  95  6:47  Roach x5  
  95  6:49  Glial Reconstitution  
  105  6:59  Overlord x2  
  105  7:05  Roach x2  
  105  7:06  Hatchery  
  105  7:07  Overlord  
  108  7:09  Overlord  
  108  7:14  Overlord  
  108  7:21  Swarm Host x4  
  108  7:22  Swarm Host  
  120  7:26  Swarm Host  
  125  7:30  Hatchery, Swarm Host x2  
  125  7:32  Swarm Host  
  125  7:35  Swarm Host  
  135  7:38  Extractor, Swarm Host  
  132  7:44  Drone x2  
  132  7:47  Swarm Host  
  137  7:53  Swarm Host  
  137  7:55  Queen  
  140  8:00  Swarm Host x2  
  140  8:02  Overlord  
  140  8:05  Spore Crawler  
  145  8:09  Swarm Host  
  145  8:11  Roach x3  
  154  8:15  Roach x3  
  154  8:17  Roach, Overlord  
  164  8:20  Roach x2  
  166  8:29  Roach x2  
  166  8:32  Roach x3  
  166  8:33  Roach x2  
  166  8:34  Roach  
  176  8:37  Roach x2  
  176  8:41  Roach x2  
  184  8:49  Roach x3  
  184  8:51  Overlord x2  
  184  8:54  Ravager  
  191  8:59  Overlord  
  191  9:01  Overlord  
  191  9:02  Overlord  
  191  9:03  Overlord  
  191  9:04  Overlord  
  191  9:06  Pneumatized Carapace  
  191  9:07  Zergling x2  
  191  9:10  Zerg Missile Weapons Level 2  
  191  9:13  Extractor x2  
  191  9:14  Roach  
  191  9:17  Roach  
  191  9:18  Roach  
  191  9:19  Roach  
  191  9:22  Roach  
  199  9:25  Roach  
  199  9:26  Zergling x2  
  197  9:40  Ravager x2  
  199  9:51  Spine Crawler  
  199  9:52  Ravager  
  198  10:11  Spore Crawler  
  198  10:13  Roach  
  199  10:16  Roach  
  180  10:21  Roach x2  
  180  10:22  Roach x2  
  180  10:23  Roach x8  
  180  10:25  Overseer  
  180  10:28  Roach, Ravager x3  
  189  10:29  Roach x4  
  189  10:35  Hive  
  197  10:38  Drone x2  
  197  10:41  Zerg Ground Armor Level 2, Drone  
  197  10:44  Drone, Overseer  
  197  10:46  Drone  
  197  10:47  Drone  
  194  11:00  Roach x3  
  194  11:03  Hydralisk Den  
  199  11:10  Roach x3  
  195  11:12  Roach x2  
  195  11:15  Roach x2  
  195  11:16  Roach  
  197  11:27  Roach x2  
  197  11:37  Hydralisk x3  
  197  11:39  Grooved Spines  
  199  11:46  Hydralisk  
  199  11:52  Spore Crawler  
  198  11:57  Hydralisk x3  
  198  11:58  Hydralisk x8  
  198  12:01  Roach  
  189  12:16  Hydralisk x3  
  189  12:17  Hatchery  
  189  12:18  Viper  
  189  12:22  Viper  
  187  12:26  Viper  
  181  12:31  Hydralisk  
  181  12:34  Hydralisk  
  185  12:37  Hydralisk  
  185  12:40  Ravager  
  185  12:41  Hydralisk  
  182  12:45  Hydralisk  
  182  12:51  Hydralisk  
  184  12:53  Hydralisk  
  184  12:56  Roach  
  184  12:58  Roach  
  177  13:06  Queen  
  177  13:08  Roach  
  177  13:10  Roach  
  183  13:16  Roach x2  
  187  13:20  Hydralisk  
  187  13:22  Spore Crawler  
  187  13:24  Hydralisk  
  190  13:37  Spire  
  190  13:39  Hydralisk x2  
  193  13:44  Hydralisk x2  
  197  13:53  Hatchery  
  197  13:55  Drone  
  197  13:58  Drone  
  197  14:00  Hydralisk Den  
  197  14:01  Drone  
  197  14:02  Drone  
  199  14:03  Drone  
  199  14:05  Drone  
  199  14:10  Drone x3  
  199  14:11  Drone  
  193  14:22  Queen  
  190  14:34  Drone x4  
  192  14:38  Hydralisk  
  192  14:39  Hydralisk x2  
  192  14:40  Drone x2  
  192  14:41  Drone  
  200  14:51  Greater Spire  
  194  15:26  Muscular Augments  
  194  15:27  Corruptor x4  
  196  15:37  Corruptor x2  
  196  15:40  Corruptor x2  
  192  15:51  Drone x4  
  192  15:53  Drone x2  
  198  16:10  Zerg Flyer Weapons Level 1  
  195  16:23  Brood Lord x4  
  200  16:28  Zerg Melee Weapons Level 1, Zerg Missile Weapons Level 3  
  200  16:35  Hatchery  
  200  16:37  Brood Lord  
  199  16:52  Brood Lord x2  
  199  16:53  Brood Lord  
  199  16:55  Spine Crawler  
  199  16:56  Spine Crawler  
  199  16:57  Corruptor  
  199  17:08  Drone  
  200  17:15  Corruptor x3  
  199  17:35  Corruptor x2  
  199  17:36  Viper, Corruptor x2  
  192  17:38  Corruptor x2  
  196  17:45  Corruptor x2  
  199  17:56  Corruptor x2  
  200  18:04  Zerg Flyer Armor Level 1  
  200  18:08  Corruptor  
  200  18:11  Corruptor  
  193  18:18  Corruptor  
  189  18:23  Corruptor  
  191  18:39  Hydralisk x2  
  191  18:40  Hydralisk x2  
  193  18:54  Hydralisk x5  
  186  18:58  Hydralisk x2  
  176  19:04  Hydralisk x2  
  176  19:09  Roach  
  135  19:17  Hydralisk  
  135  19:24  Hydralisk  
  131  19:26  Roach  
  133  19:34  Roach  
  133  19:36  Roach  
  129  19:45  Roach  
  123  19:55  Roach  
  121  20:15  Hydralisk  
  123  20:35  Brood Lord x2  
  124  20:44  Brood Lord x2  
  124  20:49  Brood Lord  
  130  20:55  Roach  
  132  21:00  Roach  
Show
View Real Time Build Order
Export as new Build Order

TYTY Terran 

Build Orders: Reaper Expand, Hellion Banshee, Mech 

Get SALT Encoding   

  12  0:00  SCV  
  13  0:12  SCV  
  14  0:17  Supply Depot  
  14  0:24  SCV  
  15  0:38  SCV  
  15  0:40  Barracks  
  16  0:43  Refinery  
  16  0:50  SCV  
  17  1:02  SCV  
  18  1:15  SCV  
  19  1:27  Reaper  
  19  1:28  Orbital Command  
  20  1:41  Command Center  
  20  1:53  Supply Depot, SCV  
  21  1:59  Marine  
  22  2:08  Factory  
  22  2:09  SCV  
  23  2:15  Refinery  
  23  2:21  Barracks Reactor, SCV  
  24  2:34  SCV  
  25  2:46  SCV  
  26  2:54  Orbital Command, Starport  
  26  2:58  SCV  
  27  3:01  Hellion  
  27  3:03  Hellion  
  31  3:09  Barracks Tech Lab  
  31  3:10  SCV  
  32  3:19  SCV  
  33  3:23  SCV, Hellion  
  33  3:25  Hellion  
  38  3:31  Supply Depot  
  38  3:32  SCV  
  39  3:37  Cloaking Field  
  39  3:38  Banshee  
  42  3:42  SCV  
  42  3:43  Marine  
  42  3:44  SCV  
  45  3:53  Supply Depot  
  45  3:54  SCV  
  46  3:56  SCV  
  46  3:57  Hellion  
  46  3:59  Hellion  
  51  4:06  SCV, Barracks Tech Lab  
  51  4:08  Supply Depot  
  52  4:11  SCV  
  53  4:17  Armory  
  53  4:18  SCV  
  53  4:21  Banshee  
  57  4:26  Hellion x2  
  57  4:27  SCV  
  62  4:32  Supply Depot, SCV  
  63  4:40  SCV  
  63  4:41  Supply Depot  
  64  4:47  SCV  
  64  4:49  Hellion x2  
  64  4:52  SCV  
  70  4:59  SCV  
  65  5:05  Banshee, Command Center  
  68  5:11  SCV  
  65  5:15  Hellion x2  
  65  5:19  SCV  
  65  5:21  Refinery x2  
  70  5:25  Supply Depot, SCV  
  71  5:30  Armory  
  71  5:35  SCV  
  72  5:37  SCV  
  72  5:39  Hellion x2  
  77  5:47  SCV  
  77  5:49  SCV  
  78  5:53  Banshee, Factory  
  78  5:56  Factory  
  81  5:59  SCV  
  81  6:00  Hellion  
  81  6:03  Hellion  
  85  6:06  SCV  
  85  6:11  Hyperflight Rotors  
  86  6:13  Supply Depot  
  86  6:15  SCV  
  86  6:18  Orbital Command  
  87  6:21  SCV  
  87  6:22  Terran Vehicle Weapons Level 1  
  87  6:24  Engineering Bay  
  88  6:29  Hellion x2  
  92  6:33  SCV  
  92  6:34  SCV  
  92  6:36  Refinery, Orbital Command  
  92  6:37  Banshee  
  92  6:39  Factory Tech Lab  
  97  6:47  SCV x2  
  97  6:49  Siege Tank  
  97  6:52  Terran Vehicle And Ship Armor Level 1  
  100  6:59  SCV  
  100  7:00  Siege Tank  
  104  7:02  SCV  
  104  7:03  SCV  
  106  7:08  Supply Depot  
  106  7:11  SCV  
  106  7:14  SCV, Hellion x2  
  112  7:18  SCV  
  112  7:20  Banshee  
  116  7:23  SCV  
  117  7:30  Siege Tank  
  117  7:32  SCV x2  
  120  7:39  Factory  
  111  7:44  Supply Depot  
  111  7:45  Hellion x2  
  111  7:46  SCV  
  111  7:49  SCV x2  
  111  7:50  Factory  
  118  7:58  Refinery, SCV, Siege Tank  
  118  7:59  Missile Turret  
  118  8:01  Supply Depot, Missile Turret, SCV  
  118  8:02  Barracks Reactor  
  123  8:05  Siege Tank  
  123  8:08  Command Center  
  130  8:13  Banshee  
  130  8:16  Hellion  
  130  8:18  Hellion  
  130  8:19  Supply Depot  
  133  8:20  Supply Depot x2  
  133  8:28  SCV  
  133  8:29  SCV  
  126  8:35  Siege Tank  
  126  8:36  Factory Reactor  
  126  8:37  Widow Mine  
  126  8:38  Siege Tank, Factory Tech Lab  
  126  8:40  SCV x2  
  132  8:41  SCV  
  130  8:52  SCV  
  130  8:53  SCV x2  
  130  8:54  Hellion  
  135  8:57  Sensor Tower  
  135  8:58  Siege Tank  
  135  9:00  Banshee  
  141  9:05  Hellion  
  141  9:09  Siege Tank  
  144  9:10  Missile Turret, Siege Tank  
  147  9:21  Hellion x2  
  146  9:27  Hellion x11  
  146  9:30  Siege Tank  
  146  9:41  Siege Tank  
  146  9:42  Hellion x2, Siege Tank  
  146  9:43  Banshee  
  159  9:46  Command Center  
  159  9:48  Hellion x2  
  163  9:55  Supply Depot  
  163  9:56  Supply Depot  
  163  10:01  Refinery  
  163  10:02  Hellion  
  163  10:03  Refinery  
  159  10:10  Hellion  
  159  10:11  SCV  
  159  10:12  SCV  
  159  10:13  Siege Tank  
  166  10:14  Missile Turret, Siege Tank  
  166  10:15  Planetary Fortress  
  166  10:19  Hellion x2  
  169  10:25  Starport  
  169  10:26  Starport  
  169  10:28  SCV x3  
  162  10:30  Banshee  
  162  10:34  Siege Tank  
  162  10:35  Hellion  
  171  10:42  Infernal Pre-Igniter  
  171  10:44  SCV x2  
  171  10:48  Hellion x2  
  163  10:57  Hellion  
  163  10:58  Hellion  
  163  10:59  SCV x2  
  163  11:02  Starport Tech Lab  
  163  11:03  Starport Tech Lab  
  163  11:05  Hellion x2  
  163  11:09  SCV  
  158  11:15  Banshee  
  154  11:23  Hellion, Siege Tank  
  155  11:25  Command Center  
  155  11:26  Siege Tank  
  155  11:31  Banshee x2  
  164  11:37  Hellion x2  
  165  11:43  Hellion x2  
  165  11:45  SCV x2  
  134  11:55  Hellion, Siege Tank  
  134  11:57  Banshee, Terran Vehicle Weapons Level 2  
  134  11:58  SCV, Siege Tank  
  123  12:04  Orbital Command  
  114  12:10  Siege Tank  
  114  12:11  Hellion  
  114  12:14  Banshee x2  
  121  12:18  SCV x2  
  121  12:20  Hellion x2  
  127  12:28  Orbital Command  
  127  12:29  Refinery  
  126  12:32  Hellion  
  126  12:34  Siege Tank  
  131  12:43  Siege Tank  
  134  12:45  Hellion x2  
  134  12:47  Hellion  
  137  12:58  Siege Tank  
  140  13:09  Sensor Tower  
  137  13:22  Viking x2  
  137  13:24  SCV x2  
  137  13:25  SCV  
  141  13:27  Refinery  
  141  13:29  Orbital Command  
  141  13:30  SCV  
  141  13:32  Hellion x2  
  146  13:36  SCV  
  141  13:44  Siege Tank x2  
  141  13:45  Hellion x2  
  152  13:51  Terran Vehicle And Ship Armor Level 2  
  152  13:55  Viking  
  154  13:58  Viking  
  154  13:59  Viking  
  152  14:05  SCV  
  147  14:13  Orbital Command  
  141  14:19  Hellion x13  
  141  14:21  Siege Tank x2  
  149  14:24  Hellion x2, Viking  
  149  14:25  SCV x3  
  149  14:31  Orbital Command  
  154  14:34  Viking  
  154  14:35  Viking  
  160  14:38  Hellion  
  160  14:44  Orbital Command  
  157  14:49  SCV  
  158  14:54  Viking  
  158  14:55  Hellion x2  
  160  15:04  Viking  
  160  15:05  Viking  
  160  15:07  Hellion, Siege Tank x3  
  175  15:15  Hellion  
  170  15:24  Viking  
  170  15:27  Hellion  
  170  15:28  Hellion  
  173  15:31  Terran Vehicle Weapons Level 3  
  170  15:42  Siege Tank x2  
  170  15:46  Hellion x2  
  164  15:54  Liberator x2  
  157  16:08  Siege Tank  
  160  16:13  Liberator  
  160  16:14  Hellion x2, Siege Tank  
  167  16:22  Hellion x3  
  171  16:26  Orbital Command  
  171  16:27  Hellion x5  
  171  16:30  Orbital Command  
  174  16:35  Orbital Command, Hellion  
  174  16:36  Hellion  
  178  16:40  Hellion  
  178  16:43  Hellion  
  178  16:44  Hellion  
  183  16:57  Supply Depot x2  
  182  17:01  Liberator  
  182  17:02  Orbital Command, Hellion x2  
  182  17:03  Hellion x3  
  182  17:08  Supply Depot x2  
  171  17:27  Orbital Command  
  171  17:28  SCV x2  
  171  17:34  Thor  
  171  17:40  Viking x2  
  155  17:52  SCV x2  
  153  18:03  Raven  
  147  18:10  Raven  
  147  18:11  Orbital Command  
  137  18:16  Hellion  
  137  18:17  Hellion  
  143  18:20  Hellion  
  143  18:23  Viking  
  143  18:26  Thor  
  140  18:29  Siege Tank  
  141  18:55  Hellion x5  
  123  19:15  Orbital Command  
  110  19:18  Thor  
  96  19:28  Hellion  
  96  19:30  Hellion  
  91  19:42  Refinery  
  86  19:46  Refinery  
  86  19:50  SCV x2, Hellion  
  77  19:59  Thor  
  82  20:01  Thor, Hellion  
  89  20:09  Viking  
  89  20:11  Missile Turret, Hellion  
  86  20:23  Missile Turret, Command Center  
  86  20:24  Hellion  
  88  20:32  Hellion x4  
  88  20:35  Hellion  
  79  20:47  Orbital Command  
  79  20:48  Hellion  

Tags
 
Add a new tag
Caveats
  • Supply blocks, unpowered buildings, or Contaminate may cause inaccurate times.
  • Supply counts are checked every 10 seconds.